 Dungeon Crawl Stone Soup version 0.29.1-1-gd02db69 (webtiles) character file.

Game seed: 1528840297920196026

18 anonnz56 the Sneak (level 2, -1/19 HPs)
             Began as a Vampire Enchanter on Mar 22, 2023.
             Succumbed to an adder's poison
             ... on level 2 of the Dungeon.
             The game lasted 00:08:39 (962 turns).

anonnz56 the Sneak (Vampire Enchanter)               Turns: 962, Time: 00:08:41

Health: -1/19      AC:  2    Str:  7    XL:     2   Next: 48%
Magic:  5/5        EV: 12    Int: 17    God:
Gold:   37         SH:  0    Dex: 14    Spells: 3/5 levels left

rFire   . . .      SeeInvis +   a - +1 dagger
rCold   . . .      Faith    .   f - orb {mayhem}
rNeg    . . .      Spirit   .   e - +0 robe {Will+}
rPois   .          Reflect  .   (no helmet)
rElec   .          Harm     .   (no cloak)
rCorr   .          Rampage  .   (no gloves)
Will    +....                   (no boots)
Stlth   +++.......              (no amulet)
HPRegen 0.26/turn               (no ring)
MPRegen 0.09/turn               (no ring)

@: lethally poisoned (-1 -> -7), healing quickly, invisible
A: alive, fangs 3, see invisible, vampiric 1
a: Exsanguinate


You were on level 2 of the Dungeon.
You visited 1 branch of the dungeon, and saw 2 of its levels.

You collected 37 gold pieces.

Inventory:

Hand Weapons
 a - a +1 dagger (weapon)
Armour
 b - a +0 robe
 e - a +0 robe of willpower (worn)
 f - an orb of mayhem (worn)
Scrolls
 g - 2 scrolls of amnesia {unknown}
Potions
 d - a potion of lignification


   Skills:
 + Level 0.2 Fighting
 + Level 1.1 Short Blades
 + Level 2.1 Dodging
 + Level 5.1 Stealth
 + Level 2.1 Spellcasting
 + Level 4.8 Hexes


You had 3 spell levels left.
You knew the following spells:

 Your Spells              Type           Power      Damage    Failure   Level
a - Ensorcelled Hibernat  Hex/Ice        20%        N/A       11%         2

Your spell library contained the following spells:

 Spells                   Type           Power      Damage    Failure   Level
 Confusing Touch          Hex            18%        N/A       8%          3
 Tukima's Dance           Hex            18%        N/A       8%          3
 Dazzling Flash           Conj/Hex       20%        N/A       22%         3


Dungeon Overview and Level Annotations

Branches:
Dungeon (2/15)

Altars:


Innate Abilities, Weirdness & Mutations

Your natural rate of healing is accelerated.
You have razor-sharp teeth.
You have supernaturally acute eyesight. (SInv)
You are afflicted with vampirism.


Message History

(D) Dungeon
Where to? (? - help)
What level of the Dungeon? (default 1, ? - help)
There is a stone staircase leading down here.
You climb downwards.
Found 2 scrolls labelled VEROER YSECS.
There is a stone staircase leading up here.
A goblin is nearby!
The helpless goblin fails to defend itself.
You impale the goblin!!
You kill the goblin!
g - 2 scrolls labelled VEROER YSECS
There is a stone staircase leading up here.
An adder comes into view.
Found a faded altar of an unknown god.
Things that are here:
a +0 club; a goblin corpse 2 bats come into view.
Found a stone staircase leading down.
The adder hisses angrily.
You completely miss the adder. The adder bites you.
You are poisoned.
The adder poisons you! The adder bites you.
You hit the adder but do no damage.
You feel sick. The adder bites you.
You hit the adder but do no damage.
You feel sick. The adder bites you.
You are too injured to fight recklessly!
You are too injured to fight recklessly!
You hit the adder.
The adder is moderately wounded.
You feel sick. The adder bites you.
* * * LOW HITPOINT WARNING * * *
You fade into invisibility!
You feel sick. The adder bites you.
* * * LOW HITPOINT WARNING * * *
You are lethally poisoned!
The adder poisons you! The adder closely misses you.
* * * LOW HITPOINT WARNING * * *
You feel sick. The bat hits you.
* * * LOW HITPOINT WARNING * * *
You die...

.P #..P..P.# .>
.P.#......P##.#
..#P.P...P..#
._..PP.bP..#
#P...P....#
#.P.Pb..#
#.P.....#
#P.S.##
######@#
#....<##
#.##### #.# #.#
#.# #.# #.# ...


You could see an adder (wandering, unable to see you).

Vanquished Creatures
  A bat (D:1)
  2 endoplasms (D:1)
  3 goblins
  4 hobgoblins (D:1)
  4 ball pythons (D:1)
  A frilled lizard (D:1)
  A kobold (D:1)
16 creatures vanquished.

Notes
Turn   | Place    | Note
-------+----------+-------------------------------------------
     0 | D:1      | anonnz56 the Vampire Enchanter began the quest for the Orb.
     0 | D:1      | Reached XP level 1. HP: 13/13 MP: 3/3
   201 | D:1      | Reached XP level 2. HP: 14/19 MP: 5/5
   253 | D:1      | Reached skill level 5 in Stealth
   274 | D:1      | Learned a level 2 spell: Ensorcelled Hibernation
   953 | D:2      | Found a faded altar of an unknown god.
   962 | D:2      | Succumbed to an adder's poison

Illustrated notes

Levels and vault maps discovered:
D:1:      dpeg_arrival_boxes_within_box, layout_loops_ring,
          amcnicky_mini_corridor_feature
D:2:      layout_rooms, shapermc_ecumenical_altar_gd

Skill      XL: |  1  2 |
---------------+-------+-----
Stealth        | 5 |  5.1
Fighting       | |  0.2
Short Blades   | |  1.1
Dodging        | |  2.1
Spellcasting   | |  2.1
Hexes          | |  4.8

Action                   || total
-------------------------++-------
Melee: Dagger            ||    40
       Bite              ||     2
       Punch             ||     1
 Cast: Ensorcelled Hiber ||     4
  Use: Potion            ||     2
       Scroll            ||     2
 Stab: Sleeping          ||     6
       Invisible         ||     1
Armor: Robe              ||     9
Dodge: Dodged            ||    25
